 Dungeon Crawl Stone Soup version 0.18.1-8-gdd0e5ea (webtiles) character file.

37 manyhoops the Skirmisher (level 3, -2/42 HPs)
             Began as an Ogre Berserker on May 30, 2016.
             Was a Follower of Trog.
             Slain by a goblin (4 damage)
             ... led by Robin
             ... on level 2 of the Dungeon.
             The game lasted 00:01:00 (1126 turns).

manyhoops the Skirmisher (Ogre Berserker)           Turns: 1126, Time: 00:01:01

Health: -2/42      AC:  3    Str: 23    XL:     3   Next: 41%
Magic:  3/3        EV: 10    Int:  6    God:    Trog [*.....]
Gold:   62         SH:  0    Dex:  9    Spells: 0 memorised, 2 levels left

rFire  . . .     SeeInvis .     a - +0 mace
rCold  . . .     Gourm    .     b - +0 animal skin
rNeg   . . .     Faith    .     (no shield)
rPois  .         Spirit   .     (helmet restricted)
rElec  .         Dismiss  .     (no cloak)
rCorr  .         Reflect  .     (gloves unavailable)
SustAt .         Harm     .     (boots unavailable)
MR     .....                    (no amulet)
Stlth  +.........               (no ring)
                                (no ring)

@: exhausted, slowed, drained, very slow, not resistant to hostile enchantments,
very unstealthy
A: unfitting armour, tough skin 1
a: Berserk, Burn Spellbooks, Renounce Religion


You were on level 2 of the Dungeon.
You worshipped Trog.
Trog was aware of your devotion.
You were near starving.

You visited 1 branch of the dungeon, and saw 2 of its levels.

You collected 62 gold pieces.

Inventory:

Hand Weapons
 a - a +0 mace (weapon)
Armour
 b - a +0 animal skin (worn)
Scrolls
 d - a scroll of identify {unknown}
 e - a scroll of remove curse {unknown}
 f - a scroll of magic mapping
 h - a scroll of teleportation {unknown}
 n - a scroll of fog {unknown}
 o - a scroll of amnesia {unknown}
Potions
 i - a potion of heal wounds {unknown}
 j - a potion of mutation {unknown}
 k - a potion of berserk rage {unknown}
 l - a potion of might {unknown}
 m - a potion of degeneration {unknown}
Comestibles
 c - 2 bread rations
 g - 3 beef jerkies


   Skills:
 + Level 5.1(4.6) Fighting
 + Level 4.8(4.3) Maces & Flails
 - Level 2.6(2.2) Dodging


You had 2 spell levels left.
You didn't know any spells.

Dungeon Overview and Level Annotations

Branches:
Dungeon (2/15)

Altars:

Annotations:
D:2 Robin


Innate Abilities, Weirdness & Mutations

You are too large for most types of armour.
You have tough skin (AC +1).


Message History

A hobgoblin comes into view. It is wielding a club.
You feel a strong urge to attack something.
Robin zaps a wand.
The puff of flame hits you!
* * * LOW HITPOINT WARNING * * *
It is a wand of flame.
You feel your anger subside.
You are no longer berserk.
You are exhausted.
You feel yourself slow down.
You are near starving!
You hit Robin.
Robin is moderately wounded.
Robin hits you but does no damage. The goblin hits you.
* * * LOW HITPOINT WARNING * * *
Robin hits you with a club.
* * * LOW HITPOINT WARNING * * *
The hobgoblin shouts!
You hit Robin.
Robin is heavily wounded.
The goblin hits you.
You die...

*********,***,**,**,* *,*
,,,,,,,,,,..##.#.#*,* *,*
*********,#.#.##.#*,*****,*
*,,,,,****,.......,,,,,,,,*
*,***,,,,,,..<.g..,,,,,,,**
*,* ******,,...#.#*,****,*
*,* *#,#..#.#*,* *,*
*.****#####.#.!#g#*,# *,*
*.##.,......)gg#@#*.# *,*
,,...*#####$##g#g##.# *,*
*,..#* #,*#.#g...# *,*
**#.# #.##.g.(#.# *,* #.#
#....g#...# *,*
###.##########....### *,*
.......#.......#.#######,*
.##.##....######........,*
,*#.##.#.#.# #.#######**


You could see Robin, 3 hobgoblins and 2 goblins.

Vanquished Creatures
  An adder (D:2)
  A worm (D:2)
  2 dart slugs
  A giant gecko (D:1)
  A giant cockroach (D:1)
  2 goblins (D:1)
  3 jackals (D:1)
  2 bats (D:1)
  2 giant newts (D:1)
  4 kobolds
  3 rats
22 creatures vanquished.

Notes
Turn   | Place    | Note
--------------------------------------------------------------
     0 | D:1      | manyhoops the Ogre Berserker began the quest for the Orb.
     0 | D:1      | Reached XP level 1. HP: 24/24 MP: 1/1
   133 | D:1      | Reached XP level 2. HP: 30/33 MP: 2/2
   906 | D:2      | Reached XP level 3. HP: 19/41 MP: 3/3
  1084 | D:2      | Reached skill level 5 in Fighting
  1114 | D:2      | Noticed Robin
  1125 | D:2      | HP: 2/42 [Robin/club (3)]
  1126 | D:2      | Slain by a goblin

Skill      XL: |  1  2  3 |
---------------+----------+-----
Fighting       | 5 |  5.1
Maces & Flails | |  4.8
Dodging        | |  2.6

Action                   || total
-------------------------++-------
Melee: Mace              ||    65
Invok: Berserk           ||     1
  Use: Scroll            ||     1
Armor: Animal skin       ||    14
Dodge: Dodged            ||    33
